 Dungeon Crawl Stone Soup version 0.15-a0-60-g2d7d1c5 (webtiles) character file.

845 KaKa the Carver (level 7, -4/52 HPs)
             Began as a Formicid Abyssal Knight on Apr 6, 2014.
             Was a Priest of Lugonu.
             Slain by an iguana zombie (9 damage)
             ... animated by a shadow imp
             ... on Level 6 of the Dungeon.
             The game lasted 00:28:37 (6344 turns).

KaKa the Carver (Formicid Abyssal Knight)           Turns: 6344, Time: 00:28:37

HP  -4/52        AC  6     Str 16      XL: 7   Next: 94%
MP  11/11        EV 10     Int 12      God: Lugonu [***...]
Gold 157         SH  0     Dex 12      Spells:  0 memorised,  6 levels left

rFire  . . .     SeeInvis +     a - +0 long sword
rCold  . . .     Clarity  .     w - +0 ring mail
rNeg   . . .     Conserve .     (no shield)
rPois  .         rCorr    .     (helmet unavailable)
rElec  .         rRot     .     (no cloak)
SustAb . .       Spirit   .     h - +0 pair of gloves
rMut   .         Warding  .     (no boots)
Saprov . . .     Stasis   +     (no amulet)
MR     +....                    (no ring)
                                t - ring of protection from magic

@: somewhat resistant to hostile enchantments, extremely unstealthy
A: permanent stasis, dig shafts and tunnels, four strong arms, antennae 3
a: Dig, Shaft Self, Depart the Abyss, Bend Space, Banish, Renounce Religion


You were on level 6 of the Dungeon.
You worshipped Lugonu.
Lugonu was most pleased with you.
You were not hungry.

You visited 1 branch of the dungeon, and saw 7 of its levels.
You visited the Abyss 1 time.

You collected 157 gold pieces.

Inventory:

Hand weapons
 a - a +0,+0 long sword (weapon)
 b - a +0 blowgun
 i - a +1,+1 falchion
Missiles
 r - a javelin (quivered)
 v - 14 poisoned needles
Armour
 h - a +0 pair of gloves (worn)
 u - a +0 leather armour
 w - a +0 ring mail (worn)
Magical devices
 f - a wand of hasting (7)
Comestibles
 c - 6 bread rations
 g - 2 apples
 l - 2 rotting chunks of worker ant flesh
 m - 3 pears
 n - 2 meat rations
 A - a slice of pizza
 D - a chunk of adder flesh
Scrolls
 d - a scroll of remove curse {unknown}
 e - 7 scrolls of identify
 j - 5 scrolls of amnesia
 o - 2 scrolls of immolation {unknown}
 p - a scroll of recharging {unknown}
 y - a scroll of fear {unknown}
 C - a scroll of blinking {unknown}
Jewellery
 t - a ring of protection from magic (left hand)
Potions
 k - a potion of agility
 q - a potion of invisibility {unknown}
 s - a potion of confusion {unknown}
 x - a potion of haste {unknown}
 B - a potion of curing


   Skills:
 - Level 3.4 Fighting
 + Level 8.3 Long Blades
 - Level 2.1 Armour
 - Level 0.8 Dodging
 - Level 2.1 Invocations


You had 6 spell levels left.
You didn't know any spells.

Dungeon Overview and Level Annotations

Branches:
Dungeon (8/15)
 Temple: D:4-7         Lair: D:8-11

Altars:
Fedhas
Zin

Shops:
D:4 [*

Annotations:
D:3 exclusion: oklob plant
D:4 Menkaure


Innate Abilities, Weirdness & Mutations

Your are under a permanent stasis effect.
You can dig through walls and to a lower floor.
Your four strong arms can wield two-handed weapons with a shield.
You have a pair of large antennae on your head (SInv).


Message History

You kill the kobold!
Lugonu accepts your kill.
The shadow imp shouts, "Slither hence, thou fobbing flap-mouthed Cock-Lorel!"
The shadow imp gestures at you.
You easily resist.
The crimson imp blinks!
You closely miss the crimson imp.
The shadow imp throws its arms wide.
The dead are walking!
The crimson imp hits you but does no damage.
An iguana zombie comes into view.
You hit the iguana zombie. The crimson imp barely misses you.
You hit the iguana zombie.
The iguana zombie bites you but does no damage.
The crimson imp barely misses you.
You slash the iguana zombie! The iguana zombie bites you!
* * * LOW HITPOINT WARNING * * *
The crimson imp blinks!
The crimson imp barely misses you.
You hit the iguana zombie but do no damage.
The iguana zombie bites you!
You die...

#.....>.. #.......#
#.......#.
#.....|.≈≈
#......≈≈.
#.$....≈..
#......≈o§
##########z.....≈..
.......5@z5.....≈≈.
###############.#≈
.#


You could see a crimson imp, a shadow imp, an iguana zombie and a quokka zombie.

Vanquished Creatures
  An ice beast (D:7)
  A giant frog (D:6)
  A scorpion (D:8)
  A hound (D:8)
  2 orc wizards (D:8)
  2 big fish (D:3)
  3 iguanas
  3 worker ants
  Ijyb (D:2)
  A hound skeleton (D:3)
  4 adders
  An orc skeleton (D:3)
  A giant mite (D:3)
  2 worms
  3 giant geckos
  2 oozes
  5 orcs
  3 giant cockroaches
  9 hobgoblins
  10 kobolds
  3 quokkas
  3 ball pythons
  9 bats
  2 giant newts
  11 goblins
  A hobgoblin skeleton (D:8)
  11 jackals
  4 rats
  A rat skeleton (D:7)
101 creatures vanquished.

Vanquished Creatures (others)
  A kobold (D:6)
1 creature vanquished.

Grand Total: 102 creatures vanquished

Notes
Turn   | Place    | Note
--------------------------------------------------------------
     0 | Abyss:1  | KaKa, the Formicid Abyssal Knight, began the quest for the Orb.
     0 | Abyss:1  | Reached XP level 1. HP: 18/18 MP: 1/1
     0 | D:1      | Escaped the Abyss
   201 | D:1      | Reached XP level 2. HP: 17/24 MP: 3/3
   330 | D:1      | Acquired Lugonu's first power
   871 | D:1      | Reached XP level 3. HP: 29/29 MP: 5/5
  1561 | D:2      | Reached XP level 4. HP: 8/35 MP: 6/6
  1760 | D:2      | Noticed Ijyb
  1772 | D:2      | Killed Ijyb
  1772 | D:2      | Reached skill level 4 in Long Blades
  2538 | D:2      | Acquired Lugonu's second power
  3085 | D:3      | Reached XP level 5. HP: 23/41 MP: 6/8
  3466 | D:3      | Reached skill level 5 in Long Blades
  3985 | D:3      | Found a blossoming altar of Fedhas.
  4109 | D:3      | Reached XP level 6. HP: 47/47 MP: 10/10
  4114 | D:3      | Noticed an oklob plant
  4591 | D:4      | Found Weqeipe's Elemental Accessories.
  4837 | D:4      | Reached skill level 6 in Long Blades
  4845 | D:4      | Noticed Menkaure
  4868 | D:4      | Found Miujuj's Antique Armour Shop.
  4928 | D:4      | HP: 1/47 [orc priest/divine providence (15)]
  4934 | D:4      | You fall through a shaft for 3 floors!
  5114 | D:7      | Found a glowing silver altar of Zin.
  5123 | D:7      | Noticed an ice beast
  5126 | D:7      | You fall through a shaft!
  5425 | D:8      | Reached XP level 7. HP: 17/52 MP: 11/11
  5652 | D:8      | Reached skill level 7 in Long Blades
  6152 | D:7      | Killed an ice beast
  6327 | D:6      | Reached skill level 8 in Long Blades
  6331 | D:6      | Acquired Lugonu's third power
  6344 | D:6      | Slain by an iguana zombie

Action                   |  1- 3 |  4- 6 |  7- 9 || total
-------------------------+-------+-------+-------++-------
Melee: Falchion          |   100 |    59 |       ||   159
       Long sword        |       |   181 |   201 ||   382
 Fire: Blowgun           |       |    33 |    11 ||    44
Throw: Javelin           |    11 |     7 |     3 ||    21
Invok: Depart the Abyss  |     1 |       |       ||     1
       Bend Space        |       |     3 |       ||     3
 Abil: Shaft Self        |       |     2 |       ||     2
       Dig               |       |     1 |       ||     1
  Use: Potion            |       |     5 |     1 ||     6
       Scroll            |       |     2 |       ||     2
 Stab: Sleeping          |       |     1 |       ||     1
